 Dungeon Crawl Stone Soup version 0.30-a0-879-ga8ba668304 (webtiles) character file.

Game seed: 15462574734431716445

5194 cforsyth the Fighter (level 10, 0/86 HPs)
             Began as a Barachi Fighter on Mar 13, 2023.
             Was a Believer of Cheibriados.
             Slain by a two-headed ogre
             ... wielding a +0 giant club
              (16 damage)
             ... on level 9 of the Dungeon.
             The game lasted 00:15:31 (8803 turns).

cforsyth the Fighter (Barachi Fighter)              Turns: 8803, Time: 00:15:32

Health: 0/86       AC: 16    Str: 23      XL:     10   Next: 60%
Magic:  10/10      EV:  9    Int: 13 (15) God:    Cheibriados [**....]
Gold:   540        SH:  6    Dex: 15 (16) Spells: 9/9 levels left

rFire   . . .      SeeInvis .    p - +3 broad axe (protect)
rCold   . . .      Faith    .    c - +0 buckler
rNeg    . . .      Spirit   .    b - +0 scale mail
rPois   .          Reflect  .    i - +1 hat
rElec   .          Rampage  .    (no cloak)
rCorr   .                        (no gloves)
Will    .....                    (no boots) Stlth
                                 (no amulet)
HPRegen 1.14/turn                (no ring)
MPRegen 0.12/turn                (no ring)

@: under a protective aura, very slow
A: amphibious, slowness 1, strong legs 1, +LOS, beak, deterioration 2,
regeneration 1
a: Hop, Renounce Religion, Bend Time


You were on level 9 of the Dungeon.
You worshipped Cheibriados.
Cheibriados was pleased with you.
You visited 2 branches of the dungeon, and saw 10 of its levels.
You also visited: Ossuary.

You collected 540 gold pieces.

Inventory:

Hand Weapons
 a - a +1 spectral war axe
 p - a +3 broad axe of protection (weapon)
Armour
 b - a +0 scale mail (worn)
 c - a +0 buckler (worn)
 i - a +1 hat (worn)
Jewellery
 h - a ring of ice
 k - a ring of ice
Wands
 m - a wand of paralysis (16)
 A - a wand of roots (6)
Scrolls
 e - a scroll of silence {unknown}
 g - 5 scrolls of blinking
 l - 4 scrolls of amnesia
 n - a scroll of poison {unknown}
 o - a scroll of vulnerability {unknown}
 q - a scroll of teleportation
 r - a scroll of enchant armour {unknown}
 s - 2 scrolls of enchant weapon
 t - a scroll of summoning
 y - 2 scrolls of fear
Potions
 d - 4 potions of might
 f - 4 potions of flight
 j - 4 potions of curing
 u - 2 potions of attraction
 v - 3 potions of lignification
 w - 2 potions of berserk rage
 z - a potion of heal wounds
 B - a potion of brilliance {unknown}
 D - a potion of invisibility {unknown}
 F - a potion of resistance {unknown}


   Skills:
 + Level 10.6 Fighting
 - Level 6.4 Axes
 + Level 10.6 Armour
 + Level 9.7 Shields


You had 9 spell levels left.
You didn't know any spells.
Your spell library contained the following spells:

 Spells                   Type           Power      Damage    Failure   Level
 Sandblast                Erth           0%         2d4       63%         1
 Cigotuvi's Dreadful Rot  Necr/Pois/Air  0%         N/A       77%         2
 Poisonous Vapours        Pois/Air       0%         N/A       77%         2
 Static Discharge         Conj/Air       0%         2-2/arc   77%         2
 Sublimation of Blood     Necr           0%         N/A       77%         2
 Mephitic Cloud           Conj/Pois/Air  0%         N/A       94%         3
 Vhi's Electric Charge    Tloc/Air       0%         N/A       94%         3
 Passage of Golubria      Tloc           0%         N/A       100%        4
 Petrify                  Tmut/Erth      0%         N/A       100%        4
 Arcjolt                  Conj/Air       0%         1d10      100%        5
 Irradiate                Conj/Tmut      0%         3d11      100%        5
 Lightning Bolt           Conj/Air       0%         1d11      100%        5
 Silence                  Hex/Air        0%         N/A       100%        5
 Lehudib's Crystal Spear  Conj/Erth      0%         10d2      100%        8


Dungeon Overview and Level Annotations

Branches:
Dungeon (9/15)             Temple (1/1) D:5            Lair (0/5) D:9
Ossuary (visited)
    Orc: D:9-12

Altars:
Ashenzari
Cheibriados
Dithmenos
Elyvilon
Fedhas
Gozag
Hepliaklqana
Kikubaaqudgha
Makhleb
Nemelex Xobeh
Okawaru
Qazlal
Sif Muna
Trog
Uskayaw
Vehumet
Wu Jian
Yredelemnul
Zin
The Shining One

Shops:
D:3 *   D:5 (


Innate Abilities, Weirdness & Mutations

You are amphibious.
You cover ground slowly.
You can hop short distances.
You have an extended range of vision and can be seen from far away.
You have a beak for a mouth.
Your body often deteriorates upon taking damage.
Your natural rate of healing is unusually fast.


Message History

The yak barely misses you. x2
You slash the yak!
You kill the yak!
Cheibriados appreciates the change of pace.
You hit the yak. x3; The yak barely misses you.
You block the yak's attack. The yak gores you!
The two-headed ogre barely misses you.
The two-headed ogre completely misses you.
The yak gores you. The yak closely misses you.
The yak gores you but does no damage.
You slash the yak!
The yak is almost dead.
You hit the yak but do no damage. You hit the yak. You hit the two-headed ogre.
You block the yak's attack. The yak gores you but does no damage.
The yak gores you!
You slash the yak!
You kill the yak!
Cheibriados appreciates the change of pace.
You hit the yak but do no damage. You slash the two-headed ogre!
You hit the yak but do no damage.
The two-headed ogre hits you with a +0 giant club!
Your body deteriorates!
You feel dopey.
The two-headed ogre hits you with a +0 giant spiked club!!
Your body deteriorates!
You feel dopey. The yak barely misses you. x2
You are too injured to fight recklessly!
You are too injured to fight recklessly!
You are too injured to fight recklessly!
You are too injured to fight recklessly!
You are too injured to fight recklessly!
You are too injured to fight recklessly!
You are too injured to fight recklessly!
You are too injured to fight recklessly!
You barely miss the two-headed ogre.
The two-headed ogre is moderately wounded.
You hit the yak. x3
The two-headed ogre hits you with a +0 giant club!
* * * LOW HITPOINT WARNING * * *
Your body deteriorates!
You feel clumsy.
The two-headed ogre hits you with a +0 giant spiked club!
You die...

********#########################
,,,,,,,,.......Y.................
,,,,,,,,.......O@###...#...####..
,,,,,,,,.>.###.YY# #...#...# #..
,,,,,,,,,,,* #...# #...#...# #..
,,,,,,,,,,,* #...# #...#...# #..
,,,,,,,,,,,**#...# #...#...# #..
,,,,,,,,,,,,,....# #...#...# #..
,,,,,,,,,,,,.....#*#...#...# #..
,,,,,,,,,,,.......,....#...#**#..
,,,,,,,,,,,####...,....#....,,,,,


You could see a two-headed ogre and 3 yaks.

Vanquished Creatures
  A two-headed ogre (D:9)
  A wyvern (D:8)
  7 yaks
  A steam dragon (D:7)
  Duvessa (D:5)
  An orc warrior (D:5)
  2 ice beasts
  3 black bears
  An ogre (D:4)
  A centaur (D:6)
  6 elf zombies (Ossuary)
  5 bullfrogs
  A gnoll sergeant (D:7)
  3 scorpions
  Dowan (D:5)
  8 killer bees (D:8)
  A bullfrog zombie (D:6)
  2 human zombies (Ossuary)
  4 centaur zombies (Ossuary)
  3 jellies
  An orc priest (D:5)
  2 gnoll boudas
  A hound (D:5)
  An iguana (D:7)
  7 orc wizards
  A killer bee zombie (D:6)
  4 mummies
  19 gnolls
  15 adders
  A white imp (D:7)
  3 ufetubi (D:5)
  2 worms
  2 dart slugs
  19 orcs
  6 endoplasms
  2 giant cockroaches
  5 goblins
  10 hobgoblins
  A jackal (D:2)
  6 quokkas
  5 ball pythons
  11 bats
  5 frilled lizards
  2 hobgoblin zombies (D:6)
  6 kobolds
  2 kobold zombies (D:6)
  5 rats
197 creatures vanquished.

Vanquished Creatures (others)
  A plant (D:5)
  5 withered plants (D:4)
6 creatures vanquished.

Grand Total: 203 creatures vanquished

Notes
Turn   | Place    | Note
-------+----------+-------------------------------------------
     0 | D:1      | cforsyth the Barachi Fighter began the quest for the Orb.
     0 | D:1      | Reached XP level 1. HP: 18/18 MP: 1/1
   125 | D:1      | Reached XP level 2. HP: 23/25 MP: 2/2
   355 | D:1      | Found a faded altar of an unknown god.
   664 | D:1      | Reached XP level 3. HP: 27/30 MP: 3/3
  1341 | D:2      | Reached XP level 4. HP: 35/37 MP: 4/4
  1880 | D:3      | Reached XP level 5. HP: 42/43 MP: 5/5
  2013 | D:3      | Found an opulent altar of Gozag.
  2017 | D:3      | Found Gozag's Platinum Reserve.
  2720 | D:4      | Found a sand-covered staircase.
  2724 | Ossuary  | Entered an ossuary
  2780 | Ossuary  | Reached skill level 5 in Fighting
  2783 | Ossuary  | Reached skill level 5 in Armour
  2783 | Ossuary  | Reached XP level 6. HP: 41/51 MP: 6/6
  3104 | Ossuary  | Reached skill level 5 in Shields
  3104 | Ossuary  | Reached XP level 7. HP: 53/56 MP: 7/7
  3268 | Ossuary  | Reached skill level 5 in Axes
  3388 | D:4      | Reached XP level 8. HP: 57/65 MP: 8/8
  4221 | D:4      | Found an ancient bone altar of Kikubaaqudgha.
  4466 | D:5      | Entered Level 5 of the Dungeon
  4487 | D:5      | Found a staircase to the Ecumenical Temple.
  4713 | D:5      | HP: 1/67 [orc priest/nerve-wracking pain (14)]
  4714 | D:5      | Gained mutation: Your body sometimes deteriorates upon
                  | taking damage. [potion of mutation]
  4714 | D:5      | Gained mutation: Your body often deteriorates upon taking
                  | damage. [potion of mutation]
  4714 | D:5      | Gained mutation: You have a beak for a mouth. [potion of
                  | mutation]
  4714 | D:5      | Gained mutation: Your natural rate of healing is unusually
                  | fast. [potion of mutation]
  4718 | D:5      | HP: 1/67 [orc priest/divine providence (11)]
  4742 | D:5      | Noticed Duvessa
  4753 | D:5      | Noticed Dowan
  4941 | D:5      | Killed Duvessa
  4961 | D:5      | Killed Dowan
  5038 | D:5      | Found Jeulil's Weapon Shop.
  5045 | D:5      | Reached XP level 9. HP: 72/72 MP: 9/9
  5242 | D:5      | Found a blossoming altar of Fedhas.
  5400 | D:6      | Found a hazy altar of Hepliaklqana.
  5468 | D:6      | Found a bloodstained altar of Trog.
  5500 | D:6      | Found an ornate altar of the Wu Jian Council.
  5633 | Temple   | Entered the Ecumenical Temple
  5840 | Temple   | Became a worshipper of Cheibriados the Contemplative
  6109 | D:6      | Found a basalt altar of Yredelemnul.
  6348 | D:6      | Found a shimmering blue altar of Sif Muna.
  6371 | D:6      | Got Sif Muna's Incunabulum of Grit
  7383 | D:7      | Reached * piety under Cheibriados
  8027 | D:8      | Reached XP level 10. HP: 23/83 MP: 10/10
  8087 | D:8      | Identified the +2 sling of Arbitration {heavy, Stlth+}
  8147 | D:8      | Reached skill level 10 in Fighting
  8147 | D:8      | Reached skill level 10 in Armour
  8235 | D:8      | Reached ** piety under Cheibriados
  8510 | D:8      | Found a stormy altar of Qazlal.
  8659 | D:9      | Identified a scroll of acquirement
  8659 | D:9      | Acquired a +3 broad axe of electrocution
  8665 | D:9      | Noticed a two-headed ogre
  8673 | D:9      | Killed a two-headed ogre
  8735 | D:9      | Found a radiant altar of Vehumet.
  8792 | D:9      | Noticed a two-headed ogre
  8803 | D:9      | Slain by a two-headed ogre

Illustrated notes

Levels and vault maps discovered:
D:1:      tarquinn_simple_flora_water_d, layout_basic, basic_ecumenical_altar,
          serial_bayou_pond_c, serial_park_tiny_2, minivault_23
D:2:      minmay_angry_zag, layout_loops_corners, st_stairs_9
D:3:      layout_basic, nicolae_gozag_zags_fifth_avenue, minmay_crystal_water,
          st_stairs_3, nicolae_elevator_lobby_plus
D:4:      layout_basic, kiku_gazebo_garden_becter, nicolae_ossuary_entry_plus
D:5:      layout_cave_pools, fedhas_altar_1, minmay_temple_entry_from_below_a,
          serial_shops, nicolae_stop_n_shop_1, serial_park, serial_park_square1
          [serial_park_minivault_5x5_5], serial_park_tiny_pond,
          serial_park_square3 [serial_park_minivault_5x5_6], uniq_duvessa
D:6:      layout_loops_corners, lemuel_zombie_altar_yredelemnul, led_sif_book,
          mainiacjoe_overflow_boulevard, bloody_trog, nzn_wu_jian_contemplation,
          serial_park_tiny_1, minmay_mini_ossuary
D:7:      layout_layer_cave, minivault_11
D:8:      layout_loops_cross, kennysheep_mini, eino_jars
D:9:      layout_long_grid, nicolae_ru_awakened_eye, nicolae_vehumet_radiance,
          grunt_lair_entry_orc_guard_hut
Temple:   jpeg_temple_alley_garden

Skill      XL: |  1  2  3  4  5  6  7  8  9 10 |
---------------+-------------------------------+-----
Fighting       | 4 5 6 7 9 10 | 10.6
Armour         | 4 5 6 7 9 10 | 10.6
Axes           | 3 4 5 6 |  6.4
Shields        | 4 5 6 8 9 |  9.7

Action                     |  1- 3 |  4- 6 |  7- 9 | 10-12 || total
---------------------------+-------+-------+-------+-------++-------
  Melee: War axe           |   102 |   170 |   384 |    34 ||   690
         Peck              |       |       |    43 |    14 ||    57
         Broad axe         |       |       |       |    18 ||    18
Ability: Hop               |       |       |     1 |       ||     1
  Evoke: Wand              |       |       |     2 |       ||     2
    Use: Scroll            |       |     6 |     8 |     5 ||    19
         Potion            |       |       |     2 |       ||     2
   Stab: Paralysed         |       |       |     2 |       ||     2
         Distracted        |       |       |     1 |       ||     1
 Armour: Scale mail        |    54 |   101 |   194 |    31 ||   380
  Dodge: Dodged            |    42 |    81 |   169 |    42 ||   334
  Block: Buckler           |    35 |    48 |   111 |    19 ||   213

Table legend: (Time is in decaauts)
 A = Elapsed time spent in this place.
 B = Non-inter-level travel time spent in this place.
 C = Inter-level travel time spent in this place.
 D = Time resting spent in this place.
 E = Time spent auto-exploring this place.
 F = Levels seen in this place.
 G = Mean time per level.
                   A        B        C        D        E       F      G
               +--------+--------+--------+--------+--------+-----+--------+
         Total |  11134 |  10624 |    510 |    426 |   8410 |  11 | 1012.2 |
       Dungeon |  10145 |   9689 |    456 |    175 |   8049 |   9 | 1127.2 |
        Temple |    299 |    245 |     54 |      0 |    234 |   1 |  299.0 |
       Ossuary |    689 |    689 |      0 |    251 |    127 |   1 |  689.0 |
               +--------+--------+--------+--------+--------+-----+--------+

Top non-repeatable levels by time:
     D:7: 1748 daAuts
     D:4: 1460 daAuts
     D:6: 1403 daAuts
     D:8: 1247 daAuts
     D:2: 1121 daAuts
     D:3: 1097 daAuts
     D:1: 984 daAuts
     D:5: 856 daAuts
 Ossuary: 689 daAuts
  Temple: 299 daAuts
     D:9: 226 daAuts
